 Dungeon Crawl Stone Soup version 0.31-a0-636-ge1c0e020e0 (webtiles) character file.

Game seed: 2651788285349173576

506 AtlasWard the Chopper (level 6, -5/52 (57) HPs)
             Began as a Draconian Monk on Aug 26, 2023.
             Slain by a wight
             ... wielding a +0 flail
              (11 damage)
             ... on level 4 of the Dungeon.
             The game lasted 00:05:36 (3802 turns).

AtlasWard the Chopper (Draconian Monk)              Turns: 3802, Time: 00:05:37

HP:   -5/52 (57)    AC:  7    Str: 15    XL:     6   Next: 97%
MP:   6/6           EV: 12    Int: 11    God:
Gold: 218           SH:  0    Dex: 13    Spells: 5/5 levels left

rFire   . . .        a - +0 hand axe
rCold   . . .        c - orb {light}
rNeg    . . .        (body armour unavailable)
rPois   .            (helmet restricted)
rElec   .            g - +0 cloak
rCorr   .            (no gloves)
SInv    .            (no boots)
Will    .....        (no amulet)
Stlth   +            (no ring)
HPRegen 0.28/turn    (no ring)
MPRegen 0.10/turn

%: no passive effects
@: glowing, drained
A: AC +6, unfitting armour, cold-blooded
a: no special abilities


You were on level 4 of the Dungeon.
You visited 2 branches of the dungeon, and saw 6 of its levels.

You collected 218 gold pieces.

Inventory:

Hand Weapons
 a - a +0 hand axe (weapon)
 d - a +1 dagger of electrocution
 p - a +0 war axe
Missiles
 o - 3 poisoned darts (quivered)
Armour
 c - an orb of light (worn)
 g - a +0 cloak (worn)
Wands
 l - a wand of iceblast (6)
Scrolls
 i - a scroll of identify
 j - a scroll of teleportation
 n - a scroll of vulnerability {unknown}
 r - a scroll of revelation {unknown}
Potions
 b - 2 potions of ambrosia
 e - 3 potions of curing {unknown}
 f - 2 potions of enlightenment {unknown}
 q - a potion of heal wounds {unknown}


   Skills:
 + Level 5.6 Fighting
 * Level 6.7 Axes
 - Level 2.6 Dodging


You had 5 spell levels left.
You didn't know any spells.
Your spell library contained the following spells:

 Spells                   Type           Power      Damage    Failure   Level
 Shock                    Conj/Air       0%         1d3       34%         1
 Ensorcelled Hibernation  Hex/Ice        0%         N/A       47%         2
 Passwall                 Tmut/Erth      0%         N/A       47%         2
 Call Canine Familiar     Summ           0%         N/A       71%         3
 Portal Projectile        Hex/Tloc       0%         N/A       71%         3
 Swiftness                Air            0%         N/A       71%         3
 Airstrike                Air            0%         2d(0-16)  98%         4
 Leda's Liquefaction      Hex/Erth       0%         N/A       98%         4


Dungeon Overview and Level Annotations

Branches:
Dungeon (5/15)             Temple (1/1) D:4

Altars:
Ashenzari
Cheibriados
Dithmenos
Gozag
Hepliaklqana
Kikubaaqudgha
Nemelex Xobeh
Qazlal
Ru
Sif Muna
Xom
Zin
The Shining One


Innate Abilities, Weirdness & Mutations

Your plain brown scales are hard. (AC +6)
You cannot fit into any form of body armour.
You are cold-blooded and may be slowed by cold attacks.


Message History

You hit the wight but do no damage.
You tail-slap the wight, but do no damage.
The wight is almost destroyed.
The wight closely misses you.
You hit the wight.
The wight is almost destroyed.
The wight barely misses you.
You barely miss the wight.
The wight is almost destroyed.
The wight barely misses you.
You hit the wight but do no damage.
You tail-slap the wight, but do no damage.
The wight is almost destroyed.
The wight hits you with a +0 flail!
You are too injured to fight recklessly!
You are too injured to fight recklessly!
You are too injured to fight recklessly!
You are too injured to fight recklessly!
You hit the wight.
The wight is almost destroyed.
The wight hits you with a +0 flail!
You hit the wight but do no damage.
The wight is almost destroyed.
The wight hits you with a +0 flail!
* * * LOW HITPOINT WARNING * * *
You feel drained.
* * * LOW HITPOINT WARNING * * *
You completely miss the wight.
You tail-slap the wight, but do no damage.
The wight is almost destroyed.
The wight hits you with a +0 flail.
* * * LOW HITPOINT WARNING * * *
You hit the wight but do no damage.
You tail-slap the wight, but do no damage.
The wight is almost destroyed.
The wight closely misses you.
You hit the wight but do no damage.
Your tail-slap misses the wight.
The wight is almost destroyed.
The wight hits you with a +0 flail!
You die...

#.####.##.# ### #.##
#.##.# #.#
###[.###.##.#### #.#
.........#.....# #.#
...##....#.#.#[###.###
#...#.#..#.....#.....#
#.#..##....#.#.......####
#...#...##...).#z.......#
#..###..###...##@....##.#
#.......# ###.#########.#
#.####..## #.#########.#
...# ##..# #.#.#.#.#.#.#
...#####.# #......(....#
.........# #.#.#.#.#.###
#############.#########
#.............######
#.######.#.........#


You could see a wight.

Vanquished Creatures
  An ogre (D:4)
  3 scorpions
  An orc priest (D:4)
  A sleepcap (D:4)
  An iguana (D:4)
  An orc wizard (D:4)
  3 adders
  3 worms
  3 dart slugs
  4 orcs
  11 ball pythons
  5 bats
  7 endoplasms
  3 giant cockroaches
  5 goblins
  9 hobgoblins
  15 jackals
  5 quokkas
  4 frilled lizards
  8 kobolds
  3 rats
96 creatures vanquished.

Notes
Turn   | Place    | Note
-------+----------+-------------------------------------------
     0 | D:1      | AtlasWard the Draconian Monk began the quest for the Orb.
     0 | D:1      | Reached XP level 1. HP: 19/19 MP: 1/1
   163 | D:1      | Reached XP level 2. HP: 26/26 MP: 2/2
   559 | D:1      | Reached XP level 3. HP: 33/33 MP: 3/3
   793 | D:2      | Reached skill level 4 in Axes
  1504 | D:3      | Reached XP level 4. HP: 36/40 MP: 4/4
  2191 | D:4      | Noticed a scorpion
  2201 | D:3      | Killed a scorpion
  2202 | D:3      | Reached skill level 5 in Axes
  2202 | D:3      | Reached XP level 5. HP: 47/47 MP: 5/5
  2517 | D:4      | Noticed an ogre
  2775 | D:4      | Reached skill level 5 in Fighting
  2797 | D:4      | Reached XP level 6. HP: 41/56 MP: 6/6
  3031 | D:4      | Reached skill level 6 in Axes
  3214 | D:4      | Found a staircase to the Ecumenical Temple.
  3219 | Temple   | Entered the Ecumenical Temple
  3765 | D:5      | Entered Level 5 of the Dungeon
  3784 | D:5      | Found an opulent altar of Gozag.
  3802 | D:4      | Slain by a wight

Illustrated notes

Levels and vault maps discovered:
D:1:      co_arrival_random_square_maze, layout_basic, kennysheep_nondescript,
          minmay_3d_cube
D:2:      layout_loops_ring
D:3:      layout_loops_cross
D:4:      minmay_chambers_of_twos, layout_loops_ring, temple_doors_ab,
          serial_co_window_serial, co_window_of_opportunity_a,
          co_window_paths_a, co_window_paths_a, co_window_paths_a,
          co_window_paths_a, co_window_broadway_c, co_window_broadway_b,
          co_window_broadway_a, glass_columns_b, glass_columns_c,
          glass_columns_a, glass_columns_a, glass_columns_a,
          minmay_misc_feat_hallway, minmay_misc_feat_square
D:5:      layout_basic, nicolae_gozag_seed_capital, serial_aquarium,
          aquarium_bridge_long_joined [aquarium_subvault_balcony,
          aquarium_subvault_bridge, aquarium_subvault_balcony,
          aquarium_subvault_bridge, aquarium_subvault_bridge,
          aquarium_subvault_balcony], aquarium_bridge_square
          [aquarium_subvault_bridge, aquarium_subvault_wall,
          aquarium_subvault_wall, aquarium_subvault_wall],
          aquarium_window_corner, aquarium_window_corridor_1,
          aquarium_window_fake, aquarium_window_2, aquarium_view_2e,
          aquarium_view_2d, aquarium_balcony_5b, portal_sewer_entry_c
Temple:   nicolae_temple_bog_church

Skill      XL: |  1  2  3  4  5  6 |
---------------+-------------------+-----
Axes           | 4 5 6 |  6.7
Fighting       | 4 5 |  5.6
Dodging        | |  2.6

Action                     |  1- 3 |  4- 6 || total
---------------------------+-------+-------++-------
  Melee: Hand axe          |   124 |   141 ||   265
         Tailslap          |    21 |    22 ||    43
  Throw: Dart              |       |     7 ||     7
  Evoke: Wand              |       |     5 ||     5
    Use: Potion            |       |     1 ||     1
         Scroll            |       |     4 ||     4
 Armour: Skin              |    48 |    35 ||    83
  Dodge: Dodged            |    95 |    76 ||   171

Table legend: (Time is in decaauts)
 A = Elapsed time spent in this place.
 B = Non-inter-level travel time spent in this place.
 C = Inter-level travel time spent in this place.
 D = Time resting spent in this place.
 E = Time spent auto-exploring this place.
 F = Levels seen in this place.
 G = Mean time per level.
                   A        B        C        D        E       F      G
               +--------+--------+--------+--------+--------+-----+--------+
         Total |   3826 |   3618 |    208 |      0 |   2987 |   6 |  637.7 |
       Dungeon |   3824 |   3616 |    208 |      0 |   2987 |   5 |  764.8 |
        Temple |      1 |      1 |      0 |      0 |      0 |   1 |    1.0 |
               +--------+--------+--------+--------+--------+-----+--------+

Top non-repeatable levels by time:
     D:4: 1573 daAuts
     D:1: 790 daAuts
     D:3: 731 daAuts
     D:2: 720 daAuts
     D:5: 8 daAuts
  Temple: 1 daAuts
